 Dungeon Crawl Stone Soup version 0.14-a0-805-gc239e29 (webtiles) character file.

500 MackTheKnife the Poker (level 7, 0/47 HPs)
             Began as a Formicid Fighter on Nov 11, 2013.
             Was an Initiate of Okawaru.
             Killed from afar by Dowan (9 damage)
             ... with a stone arrow
             ... on Level 4 of the Dungeon.
             The game lasted 00:05:06 (2942 turns).

MackTheKnife the Poker (Formicid Fighter)           Turns: 2942, Time: 00:05:07

HP   0/47        AC  7     Str 21      XL: 7   Next: 39%
MP   6/6         EV  6     Int  7      God: Okawaru [......]
Gold 83          SH 18     Dex 12      Spells:  0 memorised,  6 levels left

Res.Fire  : . . .   See Invis. : +   o - +0 halberd
Res.Cold  : . . .   Warding    : .   b - +0 scale mail
Life Prot.: . . .   Conserve   : .   c - +0 shield
Res.Poison: x       Res.Corr.  : .   (helmet unavailable)
Res.Elec. : .       Clarity    : .   (no cloak)
Sust.Abil.: . .     Spirit.Shd : .   (no gloves)
Res.Mut.  : .       Stasis     : +   (no boots)
Res.Rott. : .       Flight     : .   (no amulet)
Saprovore : . . .                    (no ring)
                                     (no ring)

@: slightly resistant to hostile enchantments, extremely unstealthy
A: permanent stasis, dig shafts and tunnels, four strong arms, poison weakness,
antennae 3, exoskeleton 1
a: Dig, Shaft Self, Renounce Religion


You were on level 4 of the Dungeon.
You worshipped Okawaru.
Okawaru was noncommittal.
You were not hungry.

You visited 1 branch of the dungeon, and saw 4 of its levels.

You collected 83 gold pieces.


Innate Abilities, Weirdness & Mutations

Your are under a permanent stasis effect.
You can dig through walls and to a lower floor.
Your four strong arms can wield any weapon, most with a shield.
You are susceptible to poison.
You have a pair of large antennae on your head (SInv).
Your body is surrounded by an exoskeleton. (HP +5, AC +1)


   Skills:
 - Level 3.0 Fighting
 + Level 7.2 Polearms
 - Level 3.6 Armour
 - Level 3.0 Shields


You had 6 spell levels left.
You didn't know any spells.

Inventory:

Hand weapons
 a - a +0,+0 trident
 o - a +0,+0 halberd (weapon)
Missiles
 s - 13 poisoned needles
Armour
 b - a +0 scale mail (worn)
 c - a +0 shield (worn)
Comestibles
 d - 6 bread rations
 i - a choko
 m - a rotting chunk of worker ant flesh {@*1}
 t - 4 rotting chunks of ogre flesh {@*1}
Scrolls
 j - a scroll of identify
 l - 3 scrolls of enchant weapon I
 r - a scroll of curse jewellery {unknown}
 u - 2 scrolls of amnesia
Potions
 e - 2 potions of magic {unknown}
 f - a potion of might {unknown}
 g - a potion of curing
 h - a potion of invisibility {unknown}
 k - 2 potions of brilliance {unknown}
 n - a potion of confusion {unknown}
 p - a potion of speed {unknown}
 q - a potion of heal wounds {unknown}

▒▒▒▒▒▒▒▒▒▒▒▒▒·▒▒▒▒
▒·····▒·····▒·▒
▒·····▒·····▒·▒
▒·····+··>··▒·▒
·····▒·····▒·▒
····▒·····▒·▒
▒▒▒)▒▒▒▒▒▒▒▒▒·▒
▒·····▒·······▒
▒··a··▒······▒▒
▒··e··'······▒
▒·····▒······▒
▒·····▒······▒
▒▒▒▒▒▒▒▒▒····▒
··········▒▒▒▒
▒▒▒▒▒▒▒▒▒·▒ ▒·▒
▒·▒


You could see Dowan.


Message History

Okawaru accepts your kill.
Dowan's eyes darken. "You have made a black mistake."
Dowan seems to find hidden reserves of power!
Your Polearms skill increases to level 7!
Dowan points at you and mumbles some strange words.
The shard of ice hits you!
Attack whom?
Aim: Dowan, wielding an elven dagger and wearing a glowing elven robe (lightly wounded, moving very quickly)
You reach to attack!
You closely miss Dowan.
Dowan is lightly wounded.
Dowan mumbles some strange words.
Dowan blinks!
You smell something rotten. (slot t)
Your shield and scale mail prevent you from hitting Dowan.
Dowan is lightly wounded.
Dowan breathes, "And she was my only..."
Dowan hits you but does no damage. Dowan barely misses you.
You slash Dowan!
Dowan is severely wounded.
Dowan hits you but does no damage. Dowan gestures at you while chanting.
The shard of ice hits you!
* * * LOW HITPOINT WARNING * * *
You closely miss Dowan.
Dowan is severely wounded.
Dowan hits you with an elven dagger.
* * * LOW HITPOINT WARNING * * *
Dowan points at you and mumbles some strange words.
The stone arrow hits you!
You die...

Action                   |  1- 3 |  4- 6 |  7- 9 || total
-------------------------+-------+-------+-------++-------
Melee: Trident           |    93 |    37 |       ||   130
       Halberd           |       |   160 |    12 ||   172
  Use: Scroll            |       |     9 |       ||     9
       Potion            |       |     2 |       ||     2

Vault maps used:
D:1:      dpeg_entry_pond
D:2:      overflow_temple_1_default
D:3:      lemuel_doored_altar, lemuel_crystal_altar, minmay_misc_feat_rows
D:4:      minmay_staircase_windowed_large, first_bread, minmay_lizard_king,
          uniq_duvessa, uniq_eustachio

Notes
Turn   | Place    | Note
--------------------------------------------------------------
     0 | D:1      | MackTheKnife, the Formicid Fighter, began the quest for the Orb.
     0 | D:1      | Reached XP level 1. HP: 19/19 MP: 0/0
   111 | D:1      | Reached XP level 2. HP: 21/24 MP: 1/1
   301 | D:1      | Reached skill level 3 in Polearms
   307 | D:1      | Reached XP level 3. HP: 25/29 MP: 2/2
   679 | D:2      | Reached XP level 4. HP: 27/33 MP: 3/3
   975 | D:2      | Reached skill level 4 in Polearms
  1066 | D:2      | Reached XP level 5. HP: 21/37 MP: 4/4
  1286 | D:2      | Found a basalt altar of Yredelemnul.
  1657 | D:2      | Reached skill level 5 in Polearms
  1834 | D:3      | Found a bloodstained altar of Trog.
  1918 | D:3      | Found an iron altar of Okawaru.
  1924 | D:3      | Became a worshipper of Warmaster Okawaru
  2160 | D:3      | Reached XP level 6. HP: 38/43 MP: 5/5
  2408 | D:3      | Reached skill level 6 in Polearms
  2689 | D:4      | Noticed an ogre
  2718 | D:3      | Killed an ogre
  2718 | D:3      | Reached XP level 7. HP: 25/47 MP: 6/6
  2925 | D:4      | Noticed Duvessa
  2925 | D:4      | Noticed Dowan
  2937 | D:4      | Killed Duvessa
  2937 | D:4      | Reached skill level 7 in Polearms
  2942 | D:4      | Killed from afar by Dowan

Vanquished Creatures
  An ogre (D:3)
  Duvessa (D:4)
  A worker ant (D:4)
  An orc wizard (D:3)
  5 adders
  4 gnolls (D:2)
  A giant mite (D:3)
  A worm (D:3)
  An iguana zombie (D:3)
  2 giant geckos
  An ooze (D:2)
  8 orcs (D:3)
  4 giant cockroaches
  5 goblins
  16 hobgoblins
  12 jackals
  6 kobolds
  A ball python (D:3)
  5 bats
  5 giant newts
  7 rats
88 creatures vanquished.
